 Dungeon Crawl Stone Soup version 0.26-a0-613-g4f23886233 (webtiles) character file.

Game seed: 2885802046576393095

217 Murumi the Skirmisher (level 5, -1/57 HPs)
             Began as an Ogre Conjurer on Sept 11, 2020.
             Slain by an orc wizard
             ... wielding a +0 dagger
              (2 damage)
             ... on level 3 of the Dungeon.
             The game lasted 00:10:00 (2841 turns).

Murumi the Skirmisher (Ogre Conjurer)               Turns: 2841, Time: 00:10:01

Health: -1/57      AC:  5    Str: 12    XL:     5   Next: 94%
Magic:  8/8        EV: 10    Int: 19    God:
Gold:   182        SH:  0    Dex:  7    Spells: 5/8 levels left

rFire    . . .     SeeInvis .   j - +0 whip
rCold    . . .     Faith    .   (no shield)
rNeg     . . .     Spirit   .   a - +0 robe
rPois    +         Reflect  .   (helmet restricted)
rElec    .         Harm     .   e - +1 cloak
rCorr    +         Clarity  +   (gloves unavailable)
MR       .....     Rnd*Tele +   (boots unavailable)
Stlth    +.........             f - amulet of regeneration
HPRegen  0.59/turn              h - ring of resist corrosion
MPRegen  0.11/turn              m - ring of teleportation (curse)

@: confused, stab
A: large, unfitting armour, clarity, poison resistance, tough skin 1
a: no special abilities


You were on level 3 of the Dungeon.
You visited 1 branch of the dungeon, and saw 3 of its levels.

You collected 182 gold pieces.

Inventory:

Hand Weapons
 j - a +0 whip (weapon)
 n - a +0 giant club
Armour
 a - a +0 robe (worn)
 e - a +1 cloak (worn)
Jewellery
 f - an amulet of regeneration (around neck)
 g - an uncursed amulet of guardian spirit
 h - a ring of resist corrosion (left hand)
 m - a cursed ring of teleportation (right hand)
Scrolls
 c - 3 scrolls of amnesia
Potions
 i - a potion of mutation
 k - a potion of degeneration {unknown}
 l - a potion of invisibility {unknown}


   Skills:
 + Level 5.5 Fighting
 - Level 2.0 Maces & Flails
 - Level 1.0 Armour
 - Level 2.0 Dodging
 - Level 1.4 Stealth
 - Level 2.4 Spellcasting
 - Level 4.0 Conjurations


You had 5 spell levels left.
You knew the following spells:

 Your Spells              Type           Power        Failure   Level
a - Magic Dart            Conj           ###.         3%          1
b - Searing Ray           Conj           ###...       4%          2

Your spell library contained the following spells:

 Spells                   Type           Power        Failure   Level
 Dazzling Flash           Conj/Hex       #.....       22%         3
 Fulminant Prism          Conj/Hex       #.........   56%         4
 Iskenderun's Mystic Bla  Conj/Tloc      #.......     56%         4


Dungeon Overview and Level Annotations

Branches:
Dungeon (3/15)

Altars:
Ashenzari
Qazlal


Innate Abilities, Weirdness & Mutations

You are too large for most types of armour.
You have tough skin. (AC +1)
You possess an exceptional clarity of mind.
Your system is resistant to poisons. (rPois)


Message History

* * * LOW HITPOINT WARNING * * *
You hit the orc but do no damage. The orc hits you but does no damage.
The orc closely misses you. Something hits you.
* * * LOW HITPOINT WARNING * * *
The orc hits you but does no damage.
You completely miss something. The orc hits you but does no damage.
The orc hits you with a +0 hand axe.
* * * LOW HITPOINT WARNING * * *
The orc wizard mumbles some strange words.
The orc wizard blinks!
Something hits you.
* * * LOW HITPOINT WARNING * * *
You hit the orc.
The orc is moderately wounded.
You feel less invigorated. Something hits you but does no damage.
The orc hits you with a +0 mace!
* * * LOW HITPOINT WARNING * * *
The orc hits you but does no damage. The orc hits you with a +0 hand axe.
* * * LOW HITPOINT WARNING * * *
Something hits you.
You die...

#.# #......... #########o###
#.........
#..$.o)..o..##########.###..
#.######>.).................
####.##.#########.######
........#####...........
#####....................
.......{oo..........####.
#####oo@..##.......#
####o###.##.......#
#..oo###o##...(......
#...o###..#......#...
#.....#..........#....
#.....#...#......# .##
#....._.o.#....###
#.....#./.# .. #....$#..##


You could see an orc priest, an orc wizard (fast) and 8 orcs.

Vanquished Creatures
  An ogre (D:2)
  An orc priest (D:3)
  A howler monkey zombie (D:2)
  3 adders (D:2)
  An ooze (D:1)
  2 worms
  2 dart slugs
  2 leopard geckos (D:2)
  An orc (D:3)
  8 bats
  2 giant cockroaches (D:2)
  4 goblins
  7 hobgoblins
  2 jackals (D:2)
  A quokka (D:2)
  4 frilled lizards
  9 kobolds
  8 rats
59 creatures vanquished.

Notes
Turn   | Place    | Note
-------+----------+-------------------------------------------
     0 | D:1      | Murumi the Ogre Conjurer began the quest for the Orb.
     0 | D:1      | Reached XP level 1. HP: 16/16 MP: 3/3
   117 | D:1      | Reached XP level 2. HP: 24/24 MP: 0/5
   231 | D:1      | Learned a level 1 spell: Magic Dart
   234 | D:1      | Learned a level 2 spell: Searing Ray
   450 | D:1      | Reached skill level 1 in Fighting
   747 | D:1      | Reached skill level 2 in Fighting
   895 | D:1      | Reached XP level 3. HP: 35/35 MP: 2/6
  1003 | D:2      | Reached skill level 1 in Maces & Flails
  1185 | D:2      | Reached skill level 3 in Fighting
  1307 | D:2      | Found a stormy altar of Qazlal.
  1372 | D:2      | Reached XP level 4. HP: 45/45 MP: 4/7
  1698 | D:2      | Reached skill level 4 in Fighting
  2116 | D:2      | Noticed an ogre
  2121 | D:2      | Killed an ogre
  2121 | D:2      | Reached skill level 1 in Armour
  2121 | D:2      | Reached XP level 5. HP: 55/55 MP: 3/8
  2677 | D:3      | Reached skill level 5 in Fighting
  2753 | D:3      | Found a shattered altar of Ashenzari.
  2834 | D:3      | Gained mutation: You possess an exceptional clarity of
                  | mind. [potion of mutation]
  2834 | D:3      | Gained mutation: Your system is resistant to poisons.
                  | (rPois) [potion of mutation]
  2841 | D:3      | HP: 1/57 [orc/+0 hand axe (2)]
  2841 | D:3      | Slain by an orc wizard

Illustrated notes

Levels and vault maps discovered:
D:1:      dpeg_arrival_ratfight, layout_rooms
D:2:      layout_loops_corners, grunt_qazlal_clouds
D:3:      layout_basic, cheibrodos_ashenzari_chains, minmay_three_crescents

Skill      XL: |  1  2  3  4  5 |
---------------+----------------+-----
Dodging        | 2 |  2.0
Conjurations   | 4 |  4.0
Fighting       | 2 3 4 5 |  5.5
Maces & Flails | 1 2 |  2.0
Armour         | 1 |  1.0
Stealth        | |  1.4
Spellcasting   | |  2.4

Action                   |  1- 3 |  4- 6 || total
-------------------------+-------+-------++-------
Melee: Club              |    11 |       ||    11
       Whip              |       |    25 ||    25
 Cast: Magic Dart        |    58 |    61 ||   119
       Searing Ray       |       |     4 ||     4
  Use: Scroll            |     4 |     2 ||     6
       Potion            |       |     3 ||     3
Armor: Robe              |     3 |    14 ||    17
Dodge: Dodged            |     9 |    22 ||    31

Table legend: (Time is in decaauts)
 A = Elapsed time spent in this place.
 B = Non-inter-level travel time spent in this place.
 C = Inter-level travel time spent in this place.
 D = Time resting spent in this place.
 E = Time spent auto-exploring this place.
 F = Levels seen in this place.
 G = Mean time per level.
                   A        B        C        D        E       F      G
               +--------+--------+--------+--------+--------+-----+--------+
         Total |   2845 |   2667 |    178 |      3 |   2297 |   3 |  948.3 |
       Dungeon |   2845 |   2667 |    178 |      3 |   2297 |   3 |  948.3 |
               +--------+--------+--------+--------+--------+-----+--------+

Top non-repeatable levels by time:
     D:2: 1616 daAuts
     D:1: 1055 daAuts
     D:3: 173 daAuts
